 Dungeon Crawl Stone Soup version bcrawl-1.15.1 (webtiles) character file.

Game seed: 13055414593667082374

28 Chiseanne the Ducker (level 3, 27/27 HPs)
             Began as a Demonspawn Archaeologist on Sept 26, 2019.
             Quit the game on level 1 of the Dungeon.
             The game lasted 00:01:17 (869 turns).

Chiseanne the Ducker (Demonspawn Archaeologist)      Turns: 869, Time: 00:01:18

Health: 27/27      AC:  8    Str: 11    XL:     3   Next: 0%
Magic:  3/3        EV: 11    Int: 15    God:
Gold:   23         SH:  0    Dex: 12    Spells: 2/2 levels left

rFire    . . .     SeeInvis .   a - +4 dagger (speed)
rCold    . . .     Gourm    .   (no shield)
rNeg     . . .     Faith    .   o - +0 ring mail
rPois    .         Spirit   .   c - +1 hat
rElec    .         Reflect  .   (no cloak)
rCorr    .         Harm     .   (no gloves)
MR       .....                  d - +1 pair of boots
Stlth    +.........             (no amulet)
HPRegen  0.09/turn              (no ring)
MPRegen  0.08/turn              (no ring)

@: studying Bows
A: talons 1, powered by death 1
a: no special abilities


You were on level 1 of the Dungeon.
You were not hungry.

You visited 1 branch of the dungeon, and saw 1 of its levels.

You collected 23 gold pieces.

Inventory:

Hand Weapons
 a - a +4 dagger of speed (weapon)
Missiles
 h - 154 arrows
 p - 378 stones (quivered)
Armour
 c - a +1 hat (worn)
 d - a +1 pair of boots (worn)
 o - a +0 ring mail (worn)
 q - a +0 buckler
Scrolls
 k - a scroll of remove curse {unknown}
 n - a scroll of identify {unknown}
Potions
 b - a potion of degeneration {unknown}
 i - a potion of mutation {unknown}
 j - a potion of curing {unknown}
 l - a potion of might {unknown}
 m - a potion of agility {unknown}
Books
 e - a manual of Bows
Miscellaneous
 f - an ancient crate
Comestibles
 g - 2 rations {!d}


   Skills:
 - Level 2.2 Fighting
   Level 0.8 Maces & Flails
 + Level 0.0 Bows
 - Level 3.3 Dodging
 - Level 3.0 Stealth


You had 2 spell levels left.
You didn't know any spells.
Your spell library was empty.

Dungeon Overview and Level Annotations

Branches:
Dungeon (1/12)

Altars:


Innate Abilities, Weirdness & Mutations

You have sharp toenails.
You regenerate a little health from kills.


Message History

You see here a frilled lizard corpse.
A leopard gecko comes into view.
Found 12 gold pieces.
The helpless leopard gecko fails to defend itself.
You puncture the leopard gecko!
You kill the leopard gecko!
You have reached level 3!
Your experience leads to an increase in your attributes!
Increase (S)trength, (I)ntelligence, or (D)exterity?
You feel agile.
Your demonic ancestry asserts itself...
Your toenails lengthen and sharpen.
You have an epiphany!
The dusty tome is a manual of Bows!
Reading it may be key to unlocking the crate...
You now have 23 gold pieces (gained 12).
There is a stone staircase leading down here.
You see here a +1 robe.
You see here a +1 robe.
Partly explored, can't reach some items and places.
Partly explored, can't reach some items and places.
Partly explored, can't reach some items and places.
Are you sure you want to abandon this character and quit the game? (Confirm with "yes".)

#.# #.# #.#####.............
#.# #######≈.§#.########.##.
####.######..## .>≈#.#
##.##. .....##..####.#
≈..#.# #####.#.#.
..)....###...## ≈$.#.#
#....###..
###..##.#.######≈..#.#
#.###.#.## .....##..#.#..§.#
#.# #.# ##.##
###.##.#§#.#..≈.####.# #.#
#.# #.##.§#.##..##@..#.# #.#
#.# #.###.##.#..#.##.#.###.#
#.# #.####.#.###.##..#..##.#
#.# #.##.#.#..###.#.≈##.##.#
#.#
###.##.#.##.##.##.###.##.#
#.#
..#..##.#..##..#...#.....#
#.#
#.#########..#.#..###.####
#.# #.# #..##.####.##.##.#
###.### #.#
#.......#.##.###.#####......


There were no monsters in sight!

Vanquished Creatures
  A dart slug (D:1)
  3 leopard geckos (D:1)
  A bat (D:1)
  2 giant cockroaches (D:1)
  3 goblins (D:1)
  A hobgoblin (D:1)
  5 jackals (D:1)
  A ball python (D:1)
  2 frilled lizards (D:1)
  A kobold (D:1)
20 creatures vanquished.

Notes
Turn   | Place    | Note
-------+----------+-------------------------------------------
     0 | D:1      | Chiseanne the Demonspawn Archaeologist began the quest for
                  | the Orb.
     0 | D:1      | Reached XP level 1. HP: 15/15 MP: 1/1
   192 | D:1      | Gained mutation: You regenerate a little health from kills.
                  | [demonic ancestry]
   192 | D:1      | Reached XP level 2. HP: 21/21 MP: 2/2
   727 | D:1      | Gained mutation: You have sharp toenails. [demonic
                  | ancestry]
   727 | D:1      | Reached XP level 3. HP: 27/27 MP: 3/3
   869 | D:1      | Quit the game

Skill      XL: |  1  2 |
---------------+-------+-----
Dodging        | 3 |  3.3
Fighting       | 2 |  2.2
Maces & Flails | |  0.8
Stealth        | |  3.0

Action                   || total
-------------------------++-------
Melee: Whip              ||    46
       Dagger            ||    37
 Stab: Sleeping          ||     3
Armor: Robe              ||    21
       Ring mail         ||     9
Dodge: Dodged            ||    53
